 Dungeon Crawl Stone Soup version 0.31.0-32-g396128a36d (webtiles) character file.

Game seed: 9028180164637676677

5342 H0rd4k the Martial Artist (level 10, -5/65 HPs)
             Began as an Octopode Artificer on Mar 8, 2024.
             Was an Initiate of Gozag.
             Slain by a fire crab (7 damage)
             ... on level 8 of the Dungeon on Mar 11, 2024.
             The game lasted 00:12:07 (8957 turns).

H0rd4k the Martial Artist (Octopode Artificer)      Turns: 8957, Time: 00:12:08

Health: -5/65      AC:  5    Str: 18    XL:     10   Next: 65%
Magic:  10/10      EV: 13    Int: 17    God:    Gozag
Gold:   1794       SH:  5    Dex: 13    Spells: 9/9 levels left

rFire   . .          .
                       - Unarmed
rCold   . . .        (no shield)
rNeg    . . .        (helmet restricted)
rPois   .            D - amulet of reflection
rElec   .            a - +4 ring of protection
rCorr   .            H - +6 ring of strength
SInv    .            (no ring)
Will    .....        (no ring)
Stlth   +++          (no ring)
HPRegen 0.30/turn    (no ring)
MPRegen 0.12/turn    (no ring)
                     (no ring)

%: reflection
@: no status effects
A: almost no armour, amphibious, 8 rings, camouflage 1, gelatinous body 1,
(nimble swimmer 1), tentacles
a: Renounce Religion, Potion Petition, Call Merchant, Bribe Branch


You were on level 8 of the Dungeon.
You worshipped Gozag.
Gozag was most pleased with you.
You visited 2 branches of the dungeon, and saw 9 of its levels.
You also visited: Sewer and Bailey.

You collected 1891 gold pieces.
You paid 97 gold pieces to Gozag.

Inventory:

Hand Weapons
 n - a +2 dagger of venom
 z - a +0 war axe
Missiles
 q - 8 poisoned darts
 x - 23 curare-tipped darts (quivered)
 A - 4 datura-tipped darts
 B - 4 atropa-tipped darts
 F - a throwing net
Jewellery
 a - a +4 ring of protection (left tentacle)
 D - an amulet of reflection (around mantle)
 H - a +6 ring of strength (right tentacle)
Talismans
 u - a maw talisman
Wands
 G - a wand of flame (4)
Scrolls
 b - a scroll of butterflies
 d - 2 scrolls of poison
 e - 2 scrolls of amnesia
 i - a scroll of enchant weapon
 l - 7 scrolls of teleportation
 r - a scroll of revelation
 v - 3 scrolls of identify
 C - a scroll of blinking {unknown}
 E - a scroll of enchant armour {unknown}
Potions
 f - 3 potions of brilliance {unknown}
 g - 4 potions of heal wounds {unknown}
 h - 8 potions of degeneration
 j - 4 potions of mutation {unknown}
 k - a potion of lignification {unknown}
 m - 4 potions of berserk rage {unknown}
 o - 5 potions of curing {unknown}
 p - 3 potions of might {unknown}
 s - a potion of invisibility {unknown}
 t - 2 potions of cancellation {unknown}
 w - a potion of ambrosia {unknown}


   Skills:
 + Level 4.6 Fighting
 + Level 1.5 Throwing
 - Level 2.3 Dodging
 - Level 1.3 Stealth
 + Level 0.7 Shields
 + Level 14.3 Unarmed Combat
 - Level 3.2 Evocations


You had 9 spell levels left.
You didn't know any spells.
Your spell library contained the following spells:

 Spells                   Type           Power      Damage    Failure   Level
 Magic Dart               Conj           0%         1d3       24%         1
 Sting                    Conj/Alch      0%         1d3       24%         1
 Searing Ray              Conj           0%         2d4       34%         2
 Fulminant Prism          Conj/Alch      0%         3d5       93%         4
 Fireball                 Conj/Fire      0%         3d3       100%        5
 Bombard                  Conj/Erth      0%         9d1       100%        6
 Borgnjor's Revivificati  Necr           0%         N/A       100%        8


Dungeon Overview and Level Annotations

Branches:
Dungeon (8/15)             Temple (1/1) D:4            Lair (0/5) D:8
  Sewer (visited)          Bailey (visited)

Altars:
Ashenzari
Cheibriados
Elyvilon
Fedhas
Gozag
Makhleb
Nemelex Xobeh
Okawaru
Qazlal
Ru
Sif Muna
Trog
Uskayaw
Vehumet
Wu Jian
Xom
Zin
The Shining One

Shops:
D:1 :

Annotations:
D:4 1 runed translucent door, exclusion: door, Crazy Yiuf
D:5 2 transporters
D:7 exclusion: 2 downstairs
D:8 exclusion: fire crab, Grum


Innate Abilities, Weirdness & Mutations

You cannot wear most types of armour.
You are amphibious.
You can wear up to eight rings at the same time.
Your skin changes colour to match your surroundings (Stealth+).
Your rubbery body absorbs attacks. (AC +1, EV +1)
((You are camouflaged when in or above water. (Stealth+)))
You have tentacles for arms and can constrict up to eight enemies at once.


Message History

The bullfrog hits you.
You closely miss the bullfrog. Your grab misses the bullfrog.
Your squeeze misses the bullfrog.
The bullfrog is moderately wounded.
The bullfrog hits you.
You bludgeon the bullfrog! You grab the bullfrog. You squeeze the bullfrog.
You kill the bullfrog!
You now have 1794 gold pieces (gained 3).
HP restored.
o - 5 fuming ruby potions (gained 1)
A fire crab is nearby!
Aiming: Iceblast
Press: ? - help, Shift-Dir - straight line, f - fire crab
Aim: a fire crab (wandering, hasn't noticed you)
The mass of ice explodes!
The iceblast engulfs the fire crab!
The fire crab is moderately wounded.
You hear a shout! x3
The fire crab breathes flames at you. The blast of flame engulfs you.
Aiming: Iceblast
Press: ? - help, Shift-Dir - straight line, f/p - fire crab
Aim: a fire crab (moderately wounded)
The mass of ice explodes!
The iceblast engulfs the fire crab!
The fire crab is heavily wounded.
The now-empty wand crumbles to dust.
You are engulfed in blazing flames.
You hear an angry growl.
Aiming: Charm
Press: ? - help, Shift-Dir - straight line, f/p - fire crab
Aim: a fire crab (heavily wounded, chance to affect: 39%)
The fire crab resists with some effort.
You are engulfed in blazing flames.
Unknown command.
Aiming: Charm
Press: ? - help, Shift-Dir - straight line, f/p - fire crab
Aim: a fire crab (heavily wounded, chance to affect: 39%)
The fire crab resists with some effort.
The now-empty wand crumbles to dust.
You are engulfed in blazing flames.
* * * LOW HITPOINT WARNING * * *
The fire crab barely misses you. The fire crab claws you!
You die...
Your body crumbles into a pile of gold.

#....##$##....#...#...
.........:...$....# .#
##......#!.......###..
...###....##........ ###
##............###
#...#.^........####
#.#g##.............
#..................
#........t@.....##.
..##.##.......#.########
.t. ##..##...........#
..# #..####.........#
..###....##.....)..#
..##..#..##.......#
..##.##...........
#.##.####........#
#.##.# ##.......#


You could see a fire crab and Grum.

Vanquished Creatures
  Grinder (D:4)
  Sigmund (D:3)
  A wyvern (D:8)
  2 vampire mosquitoes (D:8)
  2 water moccasins
  Pargi (Sewer)
  3 orc warriors
  2 ice beasts (D:5)
  5 black bears
  A sky beast (D:7)
  2 wolves (D:8)
  An ogre (D:3)
  2 centaurs
  A phantom (D:5)
  4 kobold brigands
  A brain worm (Sewer)
  3 bullfrogs
  2 scorpions (D:5)
  3 wights (D:7)
  3 killer bees (D:8)
  A vampire bat (D:4)
  A howler monkey (D:6)
  3 bombardier beetles
  6 hounds
  A jelly (D:5)
  4 orc priests
  Jessica (D:2)
  Terence (D:3)
  Natasha (thrice) (D:4)
  An iguana (D:4)
  5 orc wizards
  4 gnolls (D:5)
  9 adders
  A shadow imp (D:7)
  2 ufetubi (D:5)
  A dart slug (D:1)
  3 fire bats (D:4)
  4 ribbon worms
  13 orcs
  2 spectral bats (D:4)
  4 ball pythons
  3 bat skeletons (D:4)
  A bat zombie (D:4)
  5 endoplasms
  A giant cockroach (D:4)
  4 goblins
  6 hobgoblins
  2 jackals (D:4)
  9 kobolds
  3 quokkas (D:1)
  18 bats
  A bat simulacrum (D:4)
  5 frilled lizards (Sewer)
  4 rats
173 creatures vanquished.

Vanquished Creatures (collateral kills)
  A vampire mosquito (D:8)
  3 orc warriors (Bailey)
  A centaur (D:8)
  2 kobold brigands (Bailey)
  A gnoll sergeant (D:8)
  4 gnolls (D:8)
  A frilled lizard (D:4)
  2 kobolds (Bailey)
15 creatures vanquished.

Vanquished Creatures (others)
  A vampire mosquito (D:8)
  An orc warrior (Bailey)
  A sky beast (D:7)
  A centaur (D:8)
  2 kobold brigands (Bailey)
  An orc wizard (D:8)
  An adder (D:4)
  A ribbon worm (D:4)
  An orc (D:8)
  A kobold (Bailey)
11 creatures vanquished.

Grand Total: 199 creatures vanquished

Notes
Turn   | Place    | Note
-------+----------+-------------------------------------------
     0 | D:1      | H0rd4k the Octopode Artificer began the quest for the Orb.
     0 | D:1      | Reached XP level 1. HP: 13/13 MP: 1/1
    67 | D:1      | Reached skill level 1 in Unarmed Combat
   118 | D:1      | Reached XP level 2. HP: 17/18 MP: 2/2
   280 | D:1      | Found Ekle's Book Emporium.
   572 | D:1      | Reached skill level 2 in Unarmed Combat
   841 | D:2      | Reached XP level 3. HP: 23/23 MP: 3/3
  1211 | D:2      | Reached skill level 3 in Unarmed Combat
  1256 | D:2      | Noticed Jessica
  1264 | D:2      | Killed Jessica
  1265 | D:2      | Reached XP level 4. HP: 19/28 MP: 4/4
  1446 | D:3      | Noticed an ogre
  1451 | D:3      | Killed an ogre
  1452 | D:3      | Reached skill level 4 in Unarmed Combat
  1452 | D:3      | Reached XP level 5. HP: 33/33 MP: 5/5
  1520 | D:3      | Noticed Terence
  1531 | D:3      | Killed Terence
  1532 | D:3      | Reached skill level 5 in Unarmed Combat
  1737 | D:3      | You fall into a shaft and drop 2 floors!
  1737 | D:5      | Entered Level 5 of the Dungeon
  1754 | D:5      | Noticed an ice beast
  1758 | D:5      | Killed an ice beast
  1759 | D:5      | Reached XP level 6. HP: 39/39 MP: 6/6
  1770 | D:5      | Reached skill level 6 in Unarmed Combat
  1857 | D:5      | Noticed an ice beast
  1860 | D:5      | Killed an ice beast
  1903 | D:5      | Found a transporter.
  1941 | D:5      | Reached XP level 7. HP: 45/45 MP: 7/7
  2009 | D:5      | Found a transporter.
  2036 | D:5      | Reached skill level 7 in Unarmed Combat
  2364 | D:4      | Noticed Grinder
  2405 | D:4      | Found a glowing drain.
  2412 | Sewer    | Entered a sewer
  2479 | Sewer    | Reached skill level 8 in Unarmed Combat
  2613 | Sewer    | Noticed Pargi
  2621 | Sewer    | Killed Pargi
  2622 | Sewer    | Reached XP level 8. HP: 51/51 MP: 8/8
  2746 | D:4      | Killed Grinder
  2747 | D:4      | Reached skill level 9 in Unarmed Combat
  2756 | D:4      | Noticed Natasha
  2760 | D:4      | Killed Natasha
  2823 | D:4      | Noticed Natasha
  2826 | D:4      | Killed Natasha
  2859 | D:4      | Noticed Natasha
  2865 | D:4      | Killed Natasha
  2963 | D:4      | Found a glowing silver altar of Zin.
  2997 | D:4      | Found a staircase to the Ecumenical Temple.
  3035 | Temple   | Entered the Ecumenical Temple
  3106 | Temple   | Became a worshipper of Gozag Ym Sagoz the Greedy
  3555 | D:4      | Reached skill level 10 in Unarmed Combat
  3676 | D:4      | Found a runed translucent door.
  3677 | D:4      | Noticed Crazy Yiuf
  3752 | D:3      | Noticed Sigmund
  3758 | D:3      | Killed Sigmund
  4672 | D:5      | Reached XP level 9. HP: 49/55 MP: 9/9
  4842 | D:5      | Reached skill level 11 in Unarmed Combat
  5513 | D:6      | Got the Precepts of the Puissant Dead
  6366 | D:7      | Found a flagged portal.
  6370 | D:7      | Reached skill level 12 in Unarmed Combat
  6386 | Bailey   | Entered a bailey
  6472 | Bailey   | Identified the +0 pearl dragon scales of Cocytus {+Blink
                  | +Inv rN+ Str-2 Stlth+}
  6800 | Bailey   | Reached skill level 13 in Unarmed Combat
  6820 | Bailey   | Found a bloodstained altar of Trog.
  6889 | D:7      | Reached XP level 10. HP: 63/63 MP: 10/10
  7116 | D:7      | Reached skill level 1 in Throwing
  7808 | D:8      | Found a staircase to the Lair.
  7808 | D:8      | Noticed a fire crab
  8252 | D:8      | Reached skill level 14 in Unarmed Combat
  8263 | D:8      | Noticed Grum
  8625 | D:8      | HP: 2/65 [fire crab] (14)]
  8957 | D:8      | HP: 2/65 [fire crab] (22)]
  8957 | D:8      | Slain by a fire crab

Illustrated notes

Levels and vault maps discovered:
D:1:      evilmike_arrival_crescent, layout_basic, serial_shops, shop
D:2:      layout_basic, uniq_jessica
D:3:      layout_loops_ring, hex_tiny, solitary_fountain, st_stairs_13,
          uniq_sigmund, uniq_terence
D:4:      layout_rooms, lemuel_tele_altar, minmay_temple_entry_trees,
          mainiacjoe_sewer_entry_somewhere_in_here_2, goddamned_bats,
          uniq_crazy_yiuf_cottage, uniq_natasha, uniq_grinder
D:5:      gammafunk_wand_slinger, layout_layer_cave
D:6:      layout_gridville
D:7:      layout_loops_cross, enter_bailey_1, wad_floor_pattern_1,
          blue_anna_alchemist
D:8:      layout_rooms, minmay_lair_entry_lava, gammafunk_ghost_spectres,
          uniq_grum
Temple:   minmay_temple_bridge_d

Skill      XL: |  1  2  3  4  5  6  7  8  9 10 |
---------------+-------------------------------+-----
Unarmed Combat | 1 2 3 4 5 6 8 10 13 14 | 14.3
Fighting       | 2 3 4 |  4.6
Throwing       | 1 |  1.5
Dodging        | |  2.3
Stealth        | |  1.3
Shields        | |  0.7
Evocations     | |  3.2

Action                     |  1- 3 |  4- 6 |  7- 9 | 10-12 || total
---------------------------+-------+-------+-------+-------++-------
  Melee: Unarmed           |    68 |    31 |   245 |    99 ||   443
         Constrict         |    16 |     7 |    51 |    20 ||    94
         Tentacles         |    12 |     9 |    64 |    21 ||   106
         Punch             |     2 |     2 |    15 |     8 ||    27
  Throw: Dart              |       |       |     2 |       ||     2
  Evoke: Wand              |       |    15 |    15 |    11 ||    41
    Use: Scroll            |       |       |     9 |     1 ||    10
   Stab: Sleeping          |     7 |     4 |    15 |       ||    26
 Armour: Skin              |    22 |    14 |   144 |    71 ||   251
  Dodge: Dodged            |    34 |    19 |   164 |    55 ||   272
  Block: Other             |       |       |       |    22 ||    22
         Reflection        |       |       |       |     1 ||     1
